 Dungeon Crawl Stone Soup version 0.18-a0-1116-g1750dec (webtiles) character file.

16 Mysteryquy the Sneak (level 2, 0/15 HPs)
             Began as a Vine Stalker Assassin on Jan 17, 2016.
             Slain by an adder (4 damage)
             ... on level 2 of the Dungeon.
             The game lasted 00:02:13 (625 turns).

Mysteryquy the Sneak (Vine Stalker Assassin)         Turns: 625, Time: 00:02:13

Health: 0/15       AC:  4    Str: 13    XL:     2   Next: 54%
Magic:  0/3        EV: 12    Int: 11    God:
Gold:   0          SH:  0    Dex: 15    Spells: 0 memorised, 1 level left

rFire  . . .     SeeInvis .     a - +2 dagger
rCold  . . .     Gourm    .     c - +0 robe
rNeg   . . .     Faith    .     (no shield)
rPois  .         Spirit   +     n - +0 helmet
rElec  .         Dismiss  .     d - +0 cloak
rCorr  .         Reflect  .     (no gloves)
SustAt .         Harm     .     (no boots)
MR     .....                    (no amulet)
Stlth  +++.......               (no ring)
                                (no ring)

@: lethally poisoned (0 -> -2), not resistant to hostile enchantments, fairly
stealthy
A: fangs 2, regeneration 1, magic shield, antimagic bite, no device heal 3, rot
immunity
a: no special abilities


You were on level 2 of the Dungeon.
You were not hungry.

You visited 1 branch of the dungeon, and saw 2 of its levels.

Inventory:

Hand Weapons
 a - a +2 dagger (weapon)
 b - a +0 blowgun
Missiles
 e - 8 poisoned needles
 f - 2 curare-tipped needles
Armour
 c - a +0 robe (worn)
 d - a +0 cloak (worn)
 n - a +0 helmet (worn)
Scrolls
 h - 3 scrolls of recharging {unknown}
 i - a scroll of remove curse {unknown}
 j - a scroll of blinking {unknown}
 k - a scroll of identify {unknown}
Potions
 l - a potion of lignification {unknown}
 m - a potion of invisibility {unknown}
Comestibles
 g - a bread ration


   Skills:
 + Level 1.7 Fighting
 + Level 1.8 Short Blades
 + Level 1.7 Throwing
 + Level 1.0 Dodging
 + Level 5.6 Stealth


You had one spell level left.
You didn't know any spells.

Dungeon Overview and Level Annotations

Branches:
Dungeon (2/15)

Altars:
Ashenzari
Ru
Sif Muna
Xom


Innate Abilities, Weirdness & Mutations

You have extremely sharp teeth.
Your natural rate of healing is unusually fast.
When hurt, damage is shared between your health and your magic reserves.
Your bite disrupts and absorbs the magic of your enemies.
Potions and wands cannot restore your health.
You are immune to rotting.


Message History

You barely miss the adder.
The adder is severely wounded.
You feel sick. The adder bites you but does no damage.
You closely miss the adder. Your bite misses the adder.
The adder is severely wounded.
You feel sick. The adder bites you but does no damage.
You hit the adder but do no damage.
The adder is severely wounded.
The adder closely misses you.
You miss the adder. You bite the adder, but do no damage.
The adder is severely wounded.
You feel sick. The adder bites you.
* * * LOW HITPOINT WARNING * * *
You closely miss the adder.
The adder is severely wounded.
The adder barely misses you. The adder bites you but does no damage.
You hit the adder but do no damage. Your bite misses the adder.
The adder is severely wounded.
You feel sick. The adder bites you.
You die...

##...............
.............._..
#...........#
#.#..#.#...##
#.#..# # #.#..#
##.##.#..#.#
+.....S....#
#....@#.####
##......#
..........#
.###.##...# #..
....# #. ##..# #
..# ..#


You could see an adder.

Vanquished Creatures
  A giant gecko (D:1)
  A bat (D:1)
  2 giant cockroaches (D:1)
  A goblin (D:1)
  A hobgoblin (D:1)
  2 giant newts
  4 kobolds (D:1)
  3 rats
15 creatures vanquished.

Notes
Turn   | Place    | Note
--------------------------------------------------------------
     0 | D:1      | Mysteryquy the Vine Stalker Assassin began the quest for the Orb.
     0 | D:1      | Reached XP level 1. HP: 11/11 MP: 2/2
   101 | D:1      | Reached skill level 5 in Stealth
   148 | D:1      | Found a shattered altar of Ashenzari.
   243 | D:1      | Reached XP level 2. HP: 15/15 MP: 3/3
   272 | D:1      | Reached skill level 1 in Dodging
   557 | D:2      | Found a sacrificial altar of Ru.
   557 | D:2      | Found a deep blue altar of Sif Muna.
   557 | D:2      | Found a shimmering altar of Xom.
   625 | D:2      | Slain by an adder

Vault maps used:
D:1:      minmay_arrival_wavy_path, minmay_statues_item, evilmike_ruin_ashenzari
D:2:      grunt_temple_overflow_open

Action                   || total
-------------------------++-------
Melee: Dagger            ||    40
 Stab: Sleeping          ||     7
